 Dungeon Crawl Stone Soup version 0.14-a0-1719-ga7e7698 (webtiles) character file.

238 Kae the Insei (level 4, 0/35 HPs)
             Began as a Draconian Transmuter on Jan 2, 2014.
             Slain by a gnoll
             ... wielding a +0,+0 halberd
              (4 damage)
             ... on Level 3 of the Dungeon.
             The game lasted 00:03:40 (2838 turns).

Kae the Insei (Draconian Transmuter)                Turns: 2838, Time: 00:03:40

HP   0/35        AC  5     Str 12      XL: 4   Next: 68%
MP   7/7         EV 17     Int 14      God:
Gold 123         SH  0     Dex 12      Spells:  2 memorised,  4 levels left

rFire  . . .     SeeInvis .       - Unarmed
rCold  . . .     Clarity  .     (armour unavailable)
rNeg   . . .     Conserve .     (no shield)
rPois  .         rCorr    .     (helmet restricted)
rElec  .         rRot     .     (no cloak)
SustAb . .       Spirit   .     (no gloves)
rMut   .         Warding  .     (no boots)
Saprov . . .     Stasis   .     (no amulet)
                                (no ring)
                                p - +5 ring of evasion

@: appendage (expiring), slightly resistant to hostile enchantments, unstealthy
A: unfitting armour, horns 2, AC +5
a: End Transformation


You were on level 3 of the Dungeon.
You were not hungry.
You had grown temporary horns.
You visited 1 branch of the dungeon, and saw 3 of its levels.

You collected 123 gold pieces.

Inventory:

Missiles
 b - 12 arrows
 c - 39 darts (quivered)
Armour
 r - a +0 pair of boots
Comestibles
 a - 3 bread rations
Scrolls
 f - a scroll of remove curse {unknown}
 k - a scroll of fog
 n - 3 scrolls of teleportation
 o - 2 scrolls of identify
Jewellery
 p - a +5 ring of evasion (left hand)
Potions
 e - 2 potions of paralysis
 g - a potion of agility {unknown}
 h - a potion of cure mutation {unknown}
 j - a potion of heal wounds
 l - a potion of curing {unknown}
 m - a potion of resistance {unknown}
Books
 d - a book of Changes

   Spells                             Type                      Level
   *Beastly Appendage                 Transmutation                1
   *Sticks to Snakes                  Transmutation                2
   Spider Form                        Transmutation/Poison         3
   Ice Form                           Ice/Transmutation            4
   Blade Hands                        Transmutation                5


   Skills:
 - Level 1.1 Fighting
 - Level 1.7 Dodging
 * Level 4.7 Unarmed Combat
 - Level 2.0 Spellcasting
 + Level 3.3 Transmutations


You had 4 spell levels left.
You knew the following spells:

 Your Spells              Type           Power        Failure   Level  Hunger
a - Beastly Appendage     Trmt           ##....       10%         1    ##.....
b - Sticks to Snakes      Trmt           ##........   12%         2    ###....


Dungeon Overview and Level Annotations

Branches:
Dungeon (3/16)

Altars:


Innate Abilities, Weirdness & Mutations

Your plain brown scales are hard (AC +5).
Your body does not fit into most forms of armour.
Your cold-blooded metabolism reacts poorly to cold.
You have a pair of horns on your head.


Message History

The gnoll barely misses you. The gnoll misses you.
You barely miss the gnoll. The gnoll misses you.
You hit the gnoll.
You headbutt the gnoll, but do no damage.
The gnoll is heavily wounded.
The gnoll barely misses you.
You barely miss the gnoll. You tail-slap the gnoll.
The gnoll is severely wounded.
The gnoll hits you with a spear!
* * * LOW HITPOINT WARNING * * *
The gnoll barely misses you.
You hit the gnoll but do no damage.
The gnoll is severely wounded.
Your transformation is almost over.
The gnoll hits you with a spear.
* * * LOW HITPOINT WARNING * * *
You hit the gnoll but do no damage.
The gnoll is severely wounded.
The gnoll hits you from afar with a halberd.
You die...

.>..........
...........#
...........# ...
.$.....# #.# #......#
#.# #g.....# #.#
#......#
#?#######.###......###
#....@gg.......#####..
#########.###.######..
#.# #)#....... #.#
#.#.######
###.###.#.#....#
#.......#.#.##.#
#.............#..#
#.#.......#.#.[..#
#.........#^..####


You could see 2 gnolls.

Vanquished Creatures
  Jessica (D:2)
  A gnoll (D:3)
  2 adders
  4 giant geckos
  A ball python (D:2)
  4 giant cockroaches
  7 goblins
  6 hobgoblins
  6 jackals
  8 kobolds
  14 bats
  9 giant newts
  2 quokkas
  5 rats
70 creatures vanquished.

Notes
Turn   | Place    | Note
--------------------------------------------------------------
     0 | D:1      | Kae, the Draconian Transmuter, began the quest for the Orb.
     0 | D:1      | Reached XP level 1. HP: 16/16 MP: 3/3
   318 | D:1      | Reached XP level 2. HP: 4/23 MP: 2/4
   916 | D:2      | Learned a level 2 spell: Sticks to Snakes
   970 | D:2      | Reached XP level 3. HP: 24/28 MP: 6/6
  1251 | D:2      | Reached skill level 4 in Unarmed Combat
  1351 | D:2      | Noticed Jessica
  1367 | D:2      | Killed Jessica
  1367 | D:2      | Reached XP level 4. HP: 16/35 MP: 7/7
  2838 | D:3      | Slain by a gnoll

Action                   |  1- 3 |  4- 6 || total
-------------------------+-------+-------++-------
Melee: Unarmed           |   139 |   109 ||   248
 Cast: Beastly Appendage |    11 |     6 ||    17
  Use: Scroll            |     5 |       ||     5
       Potion            |       |     2 ||     2
